 Dungeon Crawl Stone Soup version 0.29-a0-838-g385bb11a5b (webtiles) character file.

Game seed: 11304357104237338477

50 zeratav the Stinger (level 3, -1/21 HPs)
             Began as an Octopode Venom Mage on July 13, 2022.
             Was an Initiate of Gozag.
             Slain by a centaur
             ... wielding a +0 short sword
              (2 damage)
             ... on level 3 of the Dungeon.
             The game lasted 00:03:15 (2330 turns).

zeratav the Stinger (Octopode Venom Mage)           Turns: 2330, Time: 00:03:16

Health: -1/21      AC:  1    Str:  7    XL:     3   Next: 79%
Magic:  6/6        EV: 13    Int: 19    God:    Gozag
Gold:   53         SH:  0    Dex: 12    Spells: 5/6 levels left

rFire   . . .      SeeInvis .   g - +2 dagger (venom) {short}
rCold   . . .      Faith    .   (no shield)
rNeg    . . .      Spirit   .   (helmet restricted)
rPois   .          Reflect  .   (no amulet)
rElec   .          Harm     .   i - ring of wizardry
rCorr   .          Rampage  .   (no ring)
Will    .....                   (no ring)
Stlth   ++++......              (no ring)
HPRegen 0.07/turn               (no ring)
MPRegen 0.10/turn               (no ring)
                                (no ring)
                                (no ring)

@: no status effects
A: almost no armour, amphibious, 8 rings, camouflage 1, gelatinous body 1,
(nimble swimmer 1), tentacles
a: Renounce Religion, Potion Petition, Call Merchant, Bribe Branch


You were on level 3 of the Dungeon.
You worshipped Gozag.
Gozag was noncommittal.
You visited 1 branch of the dungeon, and saw 3 of its levels.

You collected 171 gold pieces.
You spent 72 gold pieces at shops.
You paid 46 gold pieces to Gozag.


Innate Abilities, Weirdness & Mutations

You cannot wear most types of armour.
You are amphibious.
You can wear up to eight rings at the same time.
Your skin changes colour to match your surroundings (Stealth+).
Your rubbery body absorbs attacks. (AC +1, EV +1)
((You are camouflaged when in or above water. (Stealth+)))
You have tentacles for arms and can constrict up to eight enemies at once.


   Skills:
 - Level 2.0 Dodging
 + Level 4.4 Stealth
 - Level 2.0 Spellcasting
 - Level 1.0 Transmutations
 + Level 4.7 Poison Magic


You had 5 spell levels left.
You knew the following spells:

 Your Spells              Type           Power      Damage    Failure   Level
a - Sting                 Tmut/Pois      48%        1d5       2%          1

Your spell library contained the following spells:

 Spells                   Type           Power      Damage    Failure   Level
 Poisonous Vapours        Pois/Air       20%        N/A       4%          2
 Olgreb's Toxic Radiance  Pois           19%        N/A       10%         4
 Mephitic Cloud           Conj/Pois/Air  7%         N/A       11%         3

Inventory:

Hand Weapons
 g - a +2 dagger of venom (weapon) {short}
   (You took it off a goblin on level 1 of the Dungeon)
Jewellery
 i - a ring of wizardry (left tentacle)
   (You found it on level 2 of the Dungeon)
Scrolls
 b - a scroll of identify {unknown}
 e - a scroll of fear {unknown}
 h - a scroll of torment {unknown}
 l - a scroll of teleportation {unknown}
 n - a scroll of summoning {unknown}
 p - a scroll of enchant weapon {unknown}
Potions
 a - a potion of magic
 c - 4 potions of mutation {unknown}
 d - a potion of attraction {unknown}
 f - 3 potions of curing {@q1}
 j - 2 potions of ambrosia {unknown}
 k - a potion of brilliance {unknown}
 m - a potion of might {unknown}
 o - a potion of lignification {!q}

Dungeon Overview and Level Annotations

Branches:
Dungeon (3/15) Zot: 15670

Altars:
Gozag

Shops:
D:1 =   D:2 !(!

Annotations:
D:3 Natasha

... ..# ##.....# .......
..# ##.##รท## .......
#..#####.##|.# #.....##
#..##...###....#
.......## #.##.###
###...#
........###....######
#..
......^)....#..?..... ##
. #.....##
#.....#####... #.....#
#.....@.....#
####..####...##.c.##...
# #....##.####........
#####.......c....##...##
..............#### #....
.....####...#.### '###
#....####........ .
####....#..#...... #
####...[...#.>.


You could see a centaur.


Message History

HP[+14]
Your hp is fully restored (21).
Things that are here:
a stone {throwing}; a +2 antimagic whip {mace} You see here a +0 mace {mace}.
There is a stone staircase leading up here.
You see here a +0 ring mail.
There is a stone staircase leading down here.
You climb downwards.
Level annotation: Natasha
There is a stone staircase leading up here.
Casting: Sting (safe; 2% risk of failure)
Confirm with . or Enter, or press ? or * to list all spells.
Aiming: Sting (safe; 2% risk of failure)
Press: ? - help, Shift-Dir - straight line, f - worm
Aim: a worm (asleep, 100% to hit)
The sting hits the worm.
The worm is poisoned.
MP[-1]
You lost 1 mp, and now have 5/6 mp.
Casting: Sting (safe; 2% risk of failure)
Confirm with . or Enter, or press ? or * to list all spells.
Aiming: Sting (safe; 2% risk of failure)
Press: ? - help, Shift-Dir - straight line, f/p - worm
Aim: a worm (moderately wounded, poisoned, 90% to hit)
You miscast Sting.
You are very lightly contaminated with residual magic.
Nothing appears to happen.
MP[-1]
You lost 1 mp, and now have 4/6 mp.
Casting: Sting (safe; 2% risk of failure)
Confirm with . or Enter, or press ? or * to list all spells.
Aiming: Sting (safe; 2% risk of failure)
Press: ? - help, Shift-Dir - straight line, f/p - worm
Aim: a worm (moderately wounded, poisoned, 90% to hit)
The sting hits the worm.
The worm looks even sicker.
MP[-1]
You lost 1 mp, and now have 3/6 mp.
You hit the worm.
The worm looks as sick as possible!
You grab the worm. You squeeze the worm!
You constrict the worm, but do no damage.
You kill the worm!
A ball python comes into view.
You see here 3 gold pieces.
You see here 3 gold pieces.
You now have 23 gold pieces (gained 3).
Your magical contamination has completely faded away.
A ball python is nearby!
A ball python is nearby!
MP[+1]
The ball python bites you. The ball python grabs you.
The ball python constricts you. The ball python barely misses you.
The ball python constricts you.
HP[-3]
You take 3 damage, and now have 18/21 hp.
You hit the ball python.
You kill the ball python!
You now have 27 gold pieces (gained 4).
You start resting.
HP[+3] MP[+2]
Your hp is fully restored (21).
Your mp is fully restored (6).
An endoplasm comes into view.
The helpless endoplasm fails to defend itself.
You puncture the endoplasm!
You kill the endoplasm!
You now have 34 gold pieces (gained 7).
Found a stone staircase leading down.
A hobgoblin comes into view.
You see here 13 gold pieces.
You now have 47 gold pieces (gained 13).
The hobgoblin shouts!
You barely miss the hobgoblin. Your grab misses the hobgoblin.
The hobgoblin barely misses you.
You hit the hobgoblin. You grab the hobgoblin. You constrict the hobgoblin.
You kill the hobgoblin!
You now have 53 gold pieces (gained 6).
j - 2 inky potions (gained 1)
The centaur is distracted by your dazzling golden aura.
The centaur shouts!
The centaur is no longer distracted by gold.
The centaur shoots an arrow.
The arrow hits you.
HP[-5]
You take 5 damage, and now have 16/21 hp.
MASSIVE DAMAGE!! (PAUSE)
The centaur shoots an arrow.
The arrow closely misses you.
The centaur shoots an arrow.
The arrow barely misses you.
The centaur shoots an arrow.
The arrow hits you.
HP[-3]
You take 3 damage, and now have 13/21 hp.
The centaur shoots an arrow.
The arrow hits you!
Ouch! That really hurt!
* * * LOW HITPOINT WARNING * * *
HP[-11]
You take 11 damage, and now have 2/21 hp.
MASSIVE DAMAGE!! (PAUSE)
The centaur unwields a +0 shortbow.
The centaur wields a +0 short sword.
The centaur barely misses you. The centaur kicks you.
* * * LOW HITPOINT WARNING * * *
The centaur barely misses you. The centaur kicks you.
You die...
Your body crumbles into a pile of gold.

Skill      XL: |  1  2  3 |
---------------+----------+-----
Stealth        | 3 4 |  4.4
Poison Magic   | 4 |  4.7
Dodging        | |  2.0
Spellcasting   | |  2.0
Transmutations | |  1.0

Action                   || total
-------------------------++-------
Melee: Club              ||     3
       Dagger            ||    43
       Tentacles         ||     6
       Constrict         ||    10
 Cast: Sting             ||     8
 Stab: Sleeping          ||    18
       Distracted        ||     1
Armor: Skin              ||     4
Dodge: Dodged            ||    42

Levels and vault maps discovered:
D:1:      minmay_arrival_widening_spiral_wide, layout_loops_ring, serial_shops,
          shop, minivault_26, amethyst_killhole, nrook_loot_triangle
D:2:      layout_basic, shapermc_ecumenical_altar_mp_vishouse, serial_shops,
          shop, shop, shop
D:3:      layout_rooms, mainiacjoe_overflow_six_doors_small,
          grunt_gozag_statues, grunt_dithmenos_smoke_and_mirrors, uniq_natasha

Notes
Turn   | Place    | Note
-------+----------+-------------------------------------------
     0 | D:1      | zeratav the Octopode Venom Mage began the quest for the
                  | Orb.
     0 | D:1      | Reached XP level 1. HP: 11/11 MP: 3/3
     0 | D:1      | magus.rc [v1.9.6]
   173 | D:1      | Reached skill level 3 in Stealth
   209 | D:1      | Found Nalusch's Jewellery Shoppe.
   288 | D:1      | Reached XP level 2. HP: 17/17 MP: 5/5
   291 | D:1      | Reached skill level 4 in Poison Magic
  1128 | D:2      | Found Taghusupte's Antique Weapon Shop.
  1290 | D:2      | Reached XP level 3. HP: 21/21 MP: 6/6
  1304 | D:2      | Reached skill level 4 in Stealth
  1377 | D:2      | Found Qachaesu's Distillery.
  1418 | D:2      | Bought a potion of lignification for 30 gold pieces
  1418 | D:2      | Bought a potion of curing for 30 gold pieces
  1441 | D:2      | Found a faded altar of an unknown god.
  1500 | D:2      | Found Miann's Distillery.
  1512 | D:2      | Bought a potion of degeneration for 12 gold pieces
  1757 | D:3      | Found an opulent altar of Gozag.
  1764 | D:3      | Became a worshipper of Gozag Ym Sagoz the Greedy
  1980 | D:3      | Noticed Natasha
  1980 | D:3      | Noticed a centaur
  2329 | D:3      | HP: 2/21 [centaur/arrow (12)]
  2330 | D:3      | Slain by a centaur

Vanquished Creatures
  An ufetubus (D:3)
  2 worms
  A dart slug (D:1)
  3 ball pythons
  4 endoplasms
  3 goblins
  4 hobgoblins
  A quokka (D:3)
  7 bats
  2 frilled lizards
  6 kobolds
  4 rats (D:1)
38 creatures vanquished.

Table legend:
 A = Non-vault XP
 B = Vault XP
 C = Vault XP percentage of total XP
 D = Non-vault monster count
 E = Vault monster count
 F = Vault count percentage of total count
                 A         B        C        D         E       F
            +---------+---------+-------+---------+---------+-------
      Total |      72 |       0 |   0.0 |      38 |       0 |   0.0
            +---------+---------+-------+---------+---------+-------
        D:1 |      24 |       0 |   0.0 |      19 |       0 |   0.0
        D:2 |      24 |       0 |   0.0 |      11 |       0 |   0.0
        D:3 |      24 |       0 |   0.0 |       8 |       0 |   0.0
            +---------+---------+-------+---------+---------+-------

Illustrated notes

Table legend:
 A = Kills in this place as a percentage of kills in entire the game.
 B = Kills by you in this place as a percentage of kills by you in the entire game.
 C = Kills by friends in this place as a percentage of kills by friends in the entire game.
 D = Other kills in this place as a percentage of other kills in the entire game.
 E = Experience gained in this place as a percentage of experience gained in the entire game.
 F = Experience gained in this place divided by the number of levels of this place that you have seen.
                   A       B       C       D       E      F
               +-------+-------+-------+-------+-------+----------------------
         Total | 100.0 | 100.0 |   N/A |   N/A | 100.0 |  24.0
       Dungeon | 100.0 | 100.0 |   N/A |   N/A | 100.0 |  24.0
               +-------+-------+-------+-------+-------+----------------------

Table legend: (Time is in decaauts)
 A = Elapsed time spent in this place.
 B = Non-inter-level travel time spent in this place.
 C = Inter-level travel time spent in this place.
 D = Time resting spent in this place.
 E = Time spent auto-exploring this place.
 F = Levels seen in this place.
 G = Mean time per level.
                   A        B        C        D        E       F      G
               +--------+--------+--------+--------+--------+-----+--------+
         Total |   2328 |   2236 |     92 |    232 |   1671 |   3 |  776.0 |
       Dungeon |   2328 |   2236 |     92 |    232 |   1671 |   3 |  776.0 |
               +--------+--------+--------+--------+--------+-----+--------+

Top non-repeatable levels by time:
     D:1: 1117 daAuts
     D:2: 831 daAuts
     D:3: 379 daAuts
